 Dungeon Crawl Stone Soup version 0.17.1-2-g5865329 (webtiles) character file.

187598 namelastname112 the Lord of Darkness (level 17, -5/141 HPs)
             Began as a Grey Draconian Wizard on Jan 11, 2016.
             Was the Champion of Kikubaaqudgha.
             Killed from afar by a naga mage (39 damage)
             ... with a poison arrow
             ... on level 4 of the Snake Pit.
             The game lasted 02:09:28 (38725 turns).

namelastname112 the Lord of Darkness (DrWz)        Turns: 38725, Time: 02:09:32

Health: -5/141     AC: 22    Str:  8    XL:     17   Next: 45%
Magic:  13/33      EV: 13    Int: 36    God:    Kikubaaqudgha [******]
Gold:   2006       SH:  8    Dex: 11    Spells: 8 memorised, 9 levels left

rFire  . . .     SeeInvis .     l - +4 dagger "Morg" {pain, MR+ Int+5}
rCold  + . .     Clarity  .     (armour unavailable)
rNeg   . . .     SustAt   .     B - +2 buckler {AC+3}
rPois  .         Gourm    .     a - +1 hat
rElec  .         Spirit   .     V - +0 cloak of Contentment {Str-2 Int+5 Stlth+}
rCorr  .         Warding  .     (no gloves)
rMut   .         Stasis   .     D - +2 pair of boots of the Assassin {DetectMon Stab+ Stlth++}
MR     ++...                    (no amulet)
Stlth  +++++.....               L - +2 ring of intelligence
                                v - ring of protection from cold

@: lethally poisoned (-5 -> -18), regenerating, constricted, very resistant to
hostile enchantments, quite stealthy
A: walk through water, unfitting armour, unbreathing, cold-blooded, AC +14
a: Receive Corpses, Torment, Renounce Religion
}: 1/15 runes: decaying


You were on level 4 of the Snake Pit.
You worshipped Kikubaaqudgha.
Kikubaaqudgha was exalted by your worship.
You were hungry.

You visited 6 branches of the dungeon, and saw 36 of its levels.
You also visited: Bailey.

You collected 3812 gold pieces.
You spent 1806 gold pieces at shops.

Inventory:

Hand Weapons
 h - the +2 long sword "Piabbiu" {freeze, MP+9 Int-4 Dex+2}
   (You found it on level 6 of the Lair of Beasts)

   It has been specially enchanted to freeze those struck by it, causing extra
   injury to most foes and up to half again as much damage against particularly
   susceptible opponents.
   It can also slow down cold-blooded creatures.
   It affects your intelligence (-4).
   It affects your dexterity (+2).
   It affects your magic capacity (+9).
 l - the +4 dagger "Morg" (weapon) {pain, MR+ Int+5}
   (You bought it in a shop on level 7 of the Dungeon)

   In the hands of one skilled in necromantic magic, it inflicts extra damage on
   living creatures.
   It affects your intelligence (+5).
   It affects your resistance to hostile enchantments.
Armour
 a - a +1 hat (worn)
 B - a +2 buckler of protection (worn)
 D - the +2 pair of boots of the Assassin (worn) {DetectMon Stab+ Stlth++}
   (You bought it in a shop on level 4 of the Orcish Mines)

   It makes you much more stealthy.
 V - the +0 cloak of Contentment (worn) {Str-2 Int+5 Stlth+}
   (You found it on level 1 of the Lair of Beasts)

   It affects your strength (-2).
   It affects your intelligence (+5).
   It makes you more stealthy.
Magical Staves
 I - an uncursed staff of wizardry
Rods
 W - a +0 rod of shadows (12/12)
   (You found it on level 2 of the Snake Pit)
Jewellery
 v - a ring of protection from cold (left hand)
 L - a +2 ring of intelligence (right hand)
Wands
 i - a wand of magic darts (27)
 m - a wand of hasting (4)
 p - a wand of disintegration (10)
 u - a wand of digging (12)
 z - a wand of teleportation (8)
 F - a wand of fire (9)
 J - a wand of frost (26)
 M - a wand of random effects (29)
 Q - a wand of fire (3)
 U - a wand of digging (1)
Scrolls
 b - 2 scrolls of amnesia
 f - 12 scrolls of remove curse
 g - 8 scrolls of identify
 t - a scroll of brand weapon
 w - 8 scrolls of teleportation
 y - 2 scrolls of blinking
 A - 3 scrolls of fog
 G - a scroll of summoning
 O - 8 scrolls of fear
 P - 2 scrolls of magic mapping
 R - 2 scrolls of enchant armour
 T - 2 scrolls of enchant weapon
Potions
 e - a potion of ambrosia
 k - a potion of brilliance
 n - 3 potions of haste
 o - 5 potions of invisibility
 q - 5 potions of flight
 r - 8 potions of curing
 s - 3 potions of might
 E - a potion of magic
 H - a potion of beneficial mutation {unknown}
 K - 2 potions of cancellation
 N - 5 potions of agility
 S - 8 potions of heal wounds
 X - a potion of berserk rage {unknown}
Books
 Y - a book of Ice

   Spells                             Type                      Level
   a - Ice Form                       Ice/Transmutation            4
   b - Metabolic Englaciation         Hexes/Ice                    5
   c - Ozocubu's Refrigeration        Ice                          6
   d - Bolt of Cold                   Conjuration/Ice              6
   e - Freezing Cloud                 Conjuration/Ice/Air          6
   f - Simulacrum                     Ice/Necromancy               6
Comestibles
 c - 15 bread rations
 j - 3 fruits
 x - 6 meat rations
 C - 6 beef jerkies


   Skills:
 - Level 10.6 Fighting
 - Level 10.0 Short Blades
   Level 5.0 Polearms
 - Level 10.1 Dodging
 - Level 1.7 Stealth
 - Level 11.3 Shields
 - Level 2.1 Unarmed Combat
 - Level 12.4 Spellcasting
   Level 2.0 Conjurations
 * Level 8.4 Summonings
 + Level 15.4 Necromancy
   Level 1.0 Translocations
 - Level 5.0 Ice Magic


You had 9 spell levels left.
You knew the following spells:

 Your Spells              Type           Power        Failure   Level  Hunger
a - Animate Dead          Necr           N/A          1%          4    None
b - Haunt                 Necr/Summ      #######...   12%         7    #####..
c - Dispel Undead         Necr           #######.     1%          5    None
d - Regeneration          Chrm/Necr      ######....   1%          3    None
e - Simulacrum            Ice/Necr       #######...   6%          6    ###....
s - Vampiric Draining     Necr           #######...   0%          3    None
v - Sublimation of Blood  Necr           #######...   0%          2    None
x - Animate Skeleton      Necr           N/A          0%          1    None


Dungeon Overview and Level Annotations

Branches:
Dungeon (15/15)            Temple (0/1) D:7            Lair (8/8) D:8
  Swamp (4/4) Lair:6        Snake (4/4) Lair:5        Slime (1/6) Lair:7
    Orc (4/4) D:11            Elf (0/3) Orc:4        Vaults (0/5) D:14
 Depths (0/5) D:15

Altars:
Ashenzari
Dithmenos
Elyvilon
Gozag
Kikubaaqudgha
Makhleb
Nemelex Xobeh
Okawaru
Ru
Sif Muna
Vehumet
Xom
Zin
The Shining One
Beogh

Shops:
D:7 (   Orc:4 *[:%

Annotations:
D:3 namelastname112's ghost, amateur DrWz
D:10 Erolcha
Lair:4 exclusion: oklob plant


Innate Abilities, Weirdness & Mutations

You can walk through water.
Your dull iron-grey scales are very hard (AC +14).
Your body does not fit into most forms of armour.
You can survive without breathing.
You are cold-blooded and may be slowed by cold attacks.


Message History

The salamander hits you from afar with a halberd.
You are engulfed in flames!
* * * LOW HITPOINT WARNING * * *
You block the salamander's attack.
Unknown command.
Your attempt to break free from the naga mage fails, but you feel that another attempt might succeed.
You feel sick.
The naga mage gestures at you while chanting.
The bolt of poison hits you!
You are more poisoned.
The naga mage constricts you. The salamander closely misses you.
The naga mage casts a spell at you. You resist with almost no effort.
The naga mage constricts you.
Your attempt to break free from the naga mage fails, but you feel that another attempt might succeed.
You feel sick.
The naga mage gestures at you while chanting.
The poison arrow hits you!
You are more poisoned.
You die...
Kikubaaqudgha rasps: "You have failed me!
Welcome... death!"

**** *** ### ##* ***,,****,* #.#
#.* *,,,,,,,,** #.# *.##
,,,,,,,,,* ##@# *#.## ,,,,,,,,,*
##.N## #..####
****,,,,,***##NN..#########...)..
,,,*,,,,,..##N......))Z)..(..(...
*,,+,,,,,.............Z(((..(....
,,**,,,,,...........##########..#
,,,*,,,,,..........##,,,,,,{,*..#
,,,*,,,,,..........#,,,,,,,,,*...
+***,,,,,..........#,,,,,,,,,+...


You could see 2 salamanders, a naga mage and a naga.

Vanquished Creatures
  Maud (Orc:2)
  A greater naga (Snake:4)
  Louise (Snake:2)
  An ettin (D:15)
  An ogre mage (D:15)
  7 hydras
  5 naga warriors
  A centaur warrior (D:15)
  Erica (Orc:1)
  A catoblepas (Lair:6)
  3 anacondas (Snake:2)
  3 death yaks
  7 orc high priests (Orc:4)
  An alligator (Swamp:4)
  A shock serpent (Snake:1)
  2 naga sharpshooters
  Sonja (D:14)
  Nergalle (Orc:1)
  A deep elf knight (D:15)
  2 spriggan druids
  A wizard (D:14)
  2 sea snakes (Snake:3)
  2 unseen horrors
  3 swamp dragons
  6 hill giants
  An orc sorcerer (D:15)
  A wolf spider zombie (D:14)
  A wolf spider (D:12)
  2 mana vipers (Snake:2)
  2 ugly things
  3 hornets
  19 elephants
  12 black mambas
  3 manticores
  Maurice (D:9)
  3 griffons
  4 naga magi
  The ghost of Charly the Cleaver, a novice VSCK of Xom (D:9)
  12 spiny frogs
  A yaktaur (D:15)
  7 trolls
  4 fire drakes
  7 komodo dragons
  A polar bear (Lair:6)
  2 giant leeches
  A freezing wraith (D:15)
  2 two-headed ogres
  3 slime creatures
  14 blink frogs
  2 trapdoor spider zombies
  2 shadows
  A vampire (D:13)
  4 bog bodies
  48 yaks
  A deep elf fighter (Orc:4)
  A wraith (D:13)
  A wyvern (D:8)
  5 deep elf magi
  2 basilisks
  3 hippogriffs
  A hungry ghost (D:14)
  19 vampire mosquitoes
  2 mottled dragons
  18 nagas
  7 wolves
  9 swamp worms
  2 soldier ants
  9 water moccasins
  7 wargs
  12 insubstantial wisps
  24 orc warriors
  6 swamp drakes
  4 phantoms
  14 porcupines
  2 ice beasts
  4 boggarts (D:15)
  An eye of draining (D:14)
  2 wasps
  10 ogres
  15 centaurs
  13 crocodiles
  5 sky beasts
  5 big kobolds
  25 giant frogs
  A wyvern zombie (D:12)
  8 scorpions
  A wyvern skeleton (D:10)
  A gnoll sergeant (D:7)
  13 jellies
  12 killer bees
  11 wights
  A giant frog zombie (D:5)
  3 electric eels
  3 crimson imps
  A quasit (D:14)
  4 centaur zombies
  3 giant frog skeletons
  39 orc priests
  7 hounds
  4 centaur skeletons
  7 worker ants
  24 orc wizards
  6 sheep (Lair:6)
  7 iguanas
  20 gnolls
  8 adders
  22 river rats
  5 shadow imps
  An adder zombie (D:5)
  5 adder skeletons
  3 giant geckos
  161 orcs
  A ball python (D:3)
  3 giant cockroaches
  6 hobgoblins
  16 jackals
  A quokka (D:7)
  4 bats
  A giant gecko skeleton (D:6)
  7 giant newts
  10 goblins
  A jackal skeleton (D:5)
  25 kobolds
  10 rats
  A plant (Lair:8)
916 creatures vanquished.

Vanquished Creatures (collateral kills)
  Kirke (Lair:8)
  3 thorn hunters
  Aizul (Snake:1)
  Azrael (D:12)
  5 dire elephants (Lair:8)
  16 hydras
  2 ghost crabs (Swamp:4)
  3 naga warriors
  4 alligators
  3 anacondas
  A catoblepas (Lair:4)
  3 death yaks
  8 naga sharpshooters
  2 shock serpents (Snake:1)
  A salamander mystic (Snake:3)
  4 sea snakes (Snake:3)
  A spriggan druid (Swamp:4)
  7 swamp dragons
  2 shambling mangroves
  3 hill giants
  2 hornets (Swamp:4)
  5 salamanders
  A mana viper (Snake:3)
  6 naga magi
  21 slime creatures
  4 spiny frogs
  A guardian serpent (Snake:3)
  6 black mambas
  4 elephants
  A gargoyle (D:12)
  7 komodo dragons
  2 trolls
  3 giant leeches
  A bog body (Swamp:4)
  A boulder beetle (Lair:8)
  A two-headed ogre (D:9)
  3 shadows
  5 yaks
  A centaur simulacrum (D:15)
  16 vampire mosquitoes
  3 spriggans
  A wraith (D:11)
  2 basilisks
  3 fire elementals (D:12)
  2 mottled dragons
  10 swamp worms
  2 wargs
  24 nagas
  6 insubstantial wisps
  2 hippogriffs (Lair:8)
  A hell hound (D:12)
  4 wolves
  7 swamp drakes
  4 orc warriors
  3 wasps
  A crocodile (Lair:8)
  An ogre (shapeshifter) (D:11)
  A boggart (D:15)
  A centaur (Bailey)
  2 giant frogs (Lair:3)
  2 gnoll sergeants
  4 crimson imps
  4 jellies (Lair:7)
  4 orc priests
  A hound (D:11)
  2 orc wizards
  2 iguanas
  15 river rats
  A gnoll (D:5)
  A shadow imp (D:10)
  An ooze (D:7)
  A giant gecko (D:8)
  28 orcs
  A giant cockroach (shapeshifter) (D:11)
  2 quokkas
  A giant newt (D:5)
  5 kobolds
  A briar patch (Swamp:1)
  12 fungi
  26 plants
356 creatures vanquished.

Vanquished Creatures (others)
  A swamp drake (Swamp:4)
  A crocodile (Lair:8)
  An orc (Orc:1)
  8 briar patches (Swamp:1)
  12 fungi
  12 plants
35 creatures vanquished.

Grand Total: 1307 creatures vanquished

Notes
Turn   | Place    | Note
--------------------------------------------------------------
     0 | D:1      | namelastname112 the Draconian Wizard began the quest for the Orb.
     0 | D:1      | Reached XP level 1. HP: 14/14 MP: 4/4
   374 | D:1      | Reached skill level 1 in Fighting
   447 | D:1      | Reached XP level 2. HP: 23/23 MP: 1/6
  1509 | D:2      | Reached XP level 3. HP: 20/29 MP: 4/7
  2093 | D:1      | Reached XP level 4. HP: 17/36 MP: 9/9
  2382 | D:2      | Learned a level 1 spell: Animate Skeleton
  2806 | D:3      | Reached skill level 1 in Necromancy
  2813 | D:3      | Reached XP level 5. HP: 18/41 MP: 1/10
  2819 | D:3      | Noticed namelastname112's ghost (amateur DrWz)
  3173 | D:3      | Reached skill level 1 in Unarmed Combat
  3482 | D:4      | Reached skill level 4 in Spellcasting
  3618 | D:4      | Learned a level 3 spell: Vampiric Draining
  3872 | D:4      | Found a shattered altar of Ashenzari.
  3958 | D:4      | Noticed an orc warrior
  4399 | D:5      | Entered Level 5 of the Dungeon
  4399 | D:5      | Noticed an ogre
  4406 | D:5      | Killed an ogre
  4406 | D:5      | Reached skill level 1 in Polearms
  4406 | D:5      | Reached XP level 6. HP: 22/48 MP: 3/12
  5183 | D:5      | Your scales start taking on a dull iron-grey colour.
  5183 | D:5      | Gained mutation: You can survive without breathing. [Grey Draconian growth]
  5183 | D:5      | Reached XP level 7. HP: 53/53 MP: 12/13
  5260 | D:5      | Found a sparkling altar of Nemelex Xobeh.
  5372 | D:5      | Found a sacrificial altar of Ru.
  5374 | D:5      | Found an iron altar of Okawaru.
  5377 | D:5      | Found a white marble altar of Elyvilon.
  5377 | D:5      | Found a radiant altar of Vehumet.
  5378 | D:5      | Found a glowing golden altar of the Shining One.
  5378 | D:5      | Found a glowing silver altar of Zin.
  5378 | D:5      | Found a burning altar of Makhleb.
  5378 | D:5      | Found a deep blue altar of Sif Muna.
  5404 | D:5      | Learned a level 4 spell: Animate Dead
  5408 | D:5      | Learned a level 3 spell: Regeneration
  5821 | D:4      | Found an ancient bone altar of Kikubaaqudgha.
  5913 | D:4      | Became a worshipper of Kikubaaqudgha
  6395 | D:6      | Reached skill level 5 in Spellcasting
  6395 | D:6      | Reached skill level 5 in Necromancy
  6708 | D:6      | Reached XP level 8. HP: 27/61 MP: 8/15
  7066 | D:6      | Reached skill level 6 in Necromancy
  7728 | D:7      | Reached * piety under Kikubaaqudgha
  7728 | D:7      | Received a gift from Kikubaaqudgha
  7733 | D:7      | Identified Kikubaaqudgha's Tome of Necromancy (Kikubaaqudgha gifted it to you on level 7 of the Dungeon)
  7817 | D:7      | Found Ichops's Antique Weapon Emporium.
  7855 | D:6      | HP: 3/62 [orc warrior/short sword (12)]
  8291 | D:7      | Found a staircase to the Ecumenical Temple.
  8352 | D:7      | Reached skill level 5 in Polearms
  8352 | D:7      | Reached skill level 7 in Necromancy
  8352 | D:7      | Reached XP level 9. HP: 42/70 MP: 17/17
  8473 | D:7      | Found an opulent altar of Gozag.
  8972 | D:8      | Found a shadowy altar of Dithmenos.
  9164 | D:8      | Reached ** piety under Kikubaaqudgha
  9185 | D:8      | Reached skill level 8 in Necromancy
  9471 | D:8      | Found a staircase to the Lair.
  9741 | D:9      | Reached skill level 5 in Fighting
  9797 | D:9      | Noticed Maurice
  9950 | D:9      | Killed Maurice
  9950 | D:9      | Reached XP level 10. HP: 79/81 MP: 20/20
 10003 | D:9      | Noticed Charly's ghost (novice VSCK)
 10011 | D:10     | Entered Level 10 of the Dungeon
 10087 | D:10     | Reached skill level 1 in Short Blades
 10087 | D:10     | Reached skill level 9 in Necromancy
 10099 | D:10     | Reached skill level 5 in Dodging
 10411 | D:10     | Noticed Erolcha
 10502 | D:10     | Noticed a hill giant
 10528 | D:10     | Killed a hill giant
 10795 | D:10     | Noticed a hill giant
 10805 | D:10     | Killed a hill giant
 11580 | D:9      | Reached *** piety under Kikubaaqudgha
 11580 | D:9      | Received a gift from Kikubaaqudgha
 11580 | D:9      | Reached skill level 10 in Necromancy
 11581 | D:9      | Identified Kikubaaqudgha's Collected Works on Dark Arts (Kikubaaqudgha gifted it to you on level 9 of the Dungeon)
 11586 | D:9      | Learned a level 2 spell: Sublimation of Blood
 11592 | D:9      | Learned a level 5 spell: Dispel Undead
 11609 | D:9      | Killed Charly's ghost
 11698 | D:9      | Found a sparkling altar of Nemelex Xobeh.
 11975 | Lair:1   | Entered Level 1 of the Lair of Beasts
 11995 | Lair:1   | Got a dazzling cloak
 12016 | Lair:1   | Identified the cursed +0 cloak of Contentment {Str-2 Int+5 Stlth+} (You found it on level 1 of the Lair of Beasts)
 12043 | Lair:1   | Reached XP level 11. HP: 40/91 MP: 22/22
 12870 | Lair:1   | Noticed a griffon
 12882 | Lair:1   | Killed a griffon
 12882 | Lair:1   | Reached skill level 5 in Short Blades
 13149 | Lair:1   | Identified a scroll of acquirement
 14300 | Lair:3   | Reached skill level 11 in Necromancy
 14427 | Lair:3   | You fall through a shaft for 2 floors!
 14730 | Lair:5   | Reached **** piety under Kikubaaqudgha
 14735 | Lair:5   | Found a staircase to the Snake Pit.
 14860 | Lair:4   | Noticed a catoblepas
 15082 | Lair:4   | Killed a catoblepas
 15082 | Lair:4   | Reached XP level 12. HP: 57/100 MP: 24/24
 15315 | D:7      | Bought the +4 dagger "Morg" {pain, MR+ Int+5} for 1346 gold pieces
 17326 | Lair:1   | Learned a level 6 spell: Simulacrum
 17560 | Lair:6   | Found a staircase to the Swamp.
 17575 | Lair:6   | Reached skill level 1 in Ice Magic
 17759 | Lair:6   | Noticed a catoblepas
 17770 | Lair:6   | Killed a catoblepas
 17770 | Lair:6   | Reached skill level 12 in Necromancy
 17955 | Lair:6   | Got a steaming long sword
 17956 | Lair:6   | Identified the cursed +2 long sword "Piabbiu" {freeze, MP+9 Int-4 Dex+2} (You found it on level 6 of the Lair of Beasts)
 18039 | Lair:6   | Reached ***** piety under Kikubaaqudgha
 18407 | Lair:7   | Noticed a four-headed hydra
 18766 | Lair:7   | Killed a four-headed hydra
 18848 | Lair:7   | Reached XP level 13. HP: 46/107 MP: 18/25
 18879 | Lair:7   | Found a staircase to the Slime Pits.
 18918 | Lair:7   | Noticed a five-headed hydra
 19448 | Lair:7   | Reached skill level 10 in Short Blades
 19503 | Lair:7   | Reached skill level 13 in Necromancy
 19517 | Lair:7   | HP: 3/107 [komodo dragon (32)]
 19661 | Lair:7   | Killed a five-headed hydra
 19862 | Lair:7   | Noticed an eight-headed hydra
 19879 | Lair:7   | Killed an eight-headed hydra
 20393 | Slime:1  | Entered Level 1 of the Pits of Slime
 20393 | Slime:1  | Noticed an acid blob
 20422 | Lair:8   | Entered Level 8 of the Lair of Beasts
 20723 | Lair:8   | Reached skill level 5 in Ice Magic
 20876 | Lair:8   | Reached ****** piety under Kikubaaqudgha
 21014 | Lair:8   | Noticed a dire elephant
 21014 | Lair:8   | Noticed a dire elephant
 21018 | Lair:8   | Killed a dire elephant
 21024 | Lair:8   | Killed a dire elephant
 21061 | Lair:8   | Noticed a dire elephant
 21066 | Lair:8   | Killed a dire elephant
 21104 | Lair:8   | Noticed a dire elephant
 21111 | Lair:8   | Killed a dire elephant
 21127 | Lair:8   | Noticed a dire elephant
 21138 | Lair:8   | Killed a dire elephant
 21228 | Lair:8   | Noticed Kirke
 21237 | Lair:8   | Killed Kirke
 21295 | Lair:8   | Reached XP level 14. HP: 56/118 MP: 27/27
 21419 | Lair:8   | Your ally Kirke died
 22056 | D:11     | Reached skill level 1 in Shields
 22078 | D:11     | Found a staircase to the Orcish Mines.
 22413 | D:11     | Found a shimmering altar of Xom.
 22413 | D:11     | Found a shimmering altar of Xom.
 22415 | D:11     | Found a shimmering altar of Xom.
 22416 | D:11     | Found a shimmering altar of Xom.
 22489 | D:11     | Found a shimmering altar of Xom.
 22489 | D:11     | Found a shimmering altar of Xom.
 22792 | Orc:1    | Entered Level 1 of the Orcish Mines
 23580 | Orc:1    | Found a roughly hewn altar of Beogh.
 23821 | Orc:2    | Noticed Maud
 23852 | Orc:1    | Noticed Nergalle
 24110 | Orc:4    | Entered Level 4 of the Orcish Mines
 24134 | Orc:4    | Found a staircase to the Elven Halls.
 24453 | Orc:4    | Found a roughly hewn altar of Beogh.
 24517 | Orc:4    | Found Taxuh's General Store.
 24519 | Orc:4    | Found Mimm's Antique Armour Shoppe.
 24573 | Orc:4    | Bought the +2 pair of boots of the Assassin {DetectMon Stab+ Stlth++} for 460 gold pieces
 24628 | Orc:4    | Found Xuyta Dyun's Book Shop.
 24644 | Orc:4    | Reached skill level 5 in Shields
 24651 | Orc:4    | Reached skill level 10 in Spellcasting
 24665 | Orc:4    | Found Jakk's Food Shoppe.
 25124 | Orc:2    | Killed Maud
 25314 | Orc:1    | Noticed Erica
 25328 | Orc:1    | Killed Nergalle
 25339 | Orc:1    | Killed Erica
 26090 | D:12     | Noticed Azrael
 26114 | D:12     | Killed Azrael
 27701 | D:14     | Found a flagged portal.
 27720 | Bailey   | Entered a bailey
 28138 | Bailey   | Reached skill level 10 in Shields
 28138 | Bailey   | Reached XP level 15. HP: 124/124 MP: 30/30
 28274 | D:14     | Reached XP level 16. HP: 127/132 MP: 31/31
 28288 | D:14     | Found a gate to the Vaults.
 28438 | D:14     | Noticed Sonja
 28442 | D:14     | Killed Sonja
 28752 | D:15     | Entered Level 15 of the Dungeon
 28791 | D:15     | Found a staircase to the Depths.
 29976 | Snake:1  | Entered Level 1 of the Snake Pit
 30426 | Snake:1  | Noticed Aizul
 30433 | Snake:1  | Killed Aizul
 30433 | Snake:1  | Reached skill level 14 in Necromancy
 30476 | Snake:1  | Your ally Aizul died
 30514 | Snake:1  | Found a white marble altar of Elyvilon.
 31374 | Snake:2  | Identified a cursed +0 rod of shadows (12/12) (You found it on level 2 of the Snake Pit)
 31673 | Snake:2  | Noticed Louise
 31702 | Snake:2  | Killed Louise
 31879 | Snake:2  | Reached skill level 10 in Fighting
 33040 | Snake:3  | Reached skill level 10 in Dodging
 33466 | Snake:4  | Entered Level 4 of the Snake Pit
 33823 | D:4      | Killed an orc warrior
 33878 | D:4      | Received a gift from Kikubaaqudgha
 34094 | Lair:1   | Learned a level 7 spell: Haunt
 34265 | Swamp:1  | Entered Level 1 of the Swamp
 35386 | Swamp:2  | Reached XP level 17. HP: 123/141 MP: 33/33
 35826 | Swamp:3  | Reached skill level 5 in Summonings
 36319 | Swamp:3  | Reached skill level 15 in Necromancy
 36498 | Swamp:4  | Entered Level 4 of the Swamp
 36875 | Swamp:4  | Got a decaying rune of Zot
 38725 | Snake:4  | Killed from afar by a naga mage

Action                   |  1- 3 |  4- 6 |  7- 9 | 10-12 | 13-15 | 16-18 || total
-------------------------+-------+-------+-------+-------+-------+-------++-------
Melee: Unarmed           |    45 |       |       |       |       |       ||    45
       Spear             |       |     1 |   180 |   509 |       |       ||   690
       Trident           |       |    52 |   170 |       |       |       ||   222
       Dagger            |       |       |       |   324 |  1369 |   795 ||  2488
 Cast: Magic Dart        |   103 |   217 |   226 |       |       |       ||   546
       Animate Skeleton  |       |    15 |    28 |    30 |    48 |    41 ||   162
       Vampiric Draining |       |     5 |    37 |   113 |    96 |   100 ||   351
       Regeneration      |       |       |    13 |    21 |    40 |    46 ||   120
       Animate Dead      |       |       |    10 |    18 |    35 |    28 ||    91
       Dispel Undead     |       |       |       |     2 |    19 |    33 ||    54
       Simulacrum        |       |       |       |       |    37 |    72 ||   109
       Sublimation of Bl |       |       |       |       |     7 |    34 ||    41
Invok: Receive Corpses   |       |       |       |       |     2 |    12 ||    14
       Receive Necronomi |       |       |       |       |       |     1 ||     1
Evoke: Wand              |       |       |       |     1 |     8 |       ||     9
  Use: Potion            |       |       |     1 |       |     1 |     2 ||     4
       Scroll            |       |       |    15 |    14 |    12 |     7 ||    48
 Stab: Distracted        |       |     1 |       |     1 |     5 |     4 ||    11
       Sleeping          |       |       |     3 |    18 |    24 |    18 ||    63
       Confused          |       |       |       |       |     1 |       ||     1
  Eat: Chunk             |     3 |     6 |    11 |    23 |    38 |    10 ||    91
       Bread ration      |       |     1 |       |       |       |       ||     1
       Beef jerky        |       |       |     2 |     2 |     3 |     4 ||    11
       Meat ration       |       |       |     1 |       |       |     5 ||     6
       Pizza             |       |       |       |     3 |     2 |     1 ||     6
       Fruit             |       |       |       |     1 |       |     1 ||     2
       Royal jelly       |       |       |       |       |       |     2 ||     2
